Map: 2000 Atmospheres LE

Players

Epic

  • Race: Terran Terran

MCanning - Winner!

  • Race: Protoss Protoss

Event: DreamHack SC2 Masters 2021 Fall

VOD

Have the link to the VOD?

Description

Time

  • Played on: Aug. 3, 2021, 4:35 p.m.
  • Length: 14:26

All games in this series

Show
View Real Time Build Order
Export as new Build Order

Epic Terran 

Build Orders: Reaper Expand 

Get SALT Encoding   

  12  0:00  SCV  
  13  0:12  SCV  
  14  0:17  Supply Depot  
  14  0:24  SCV  
  15  0:38  SCV  
  15  0:41  Barracks  
  16  0:43  Refinery  
  16  0:50  SCV  
  17  1:03  SCV  
  18  1:15  SCV  
  19  1:28  Reaper, Orbital Command  
  20  1:52  Command Center  
  20  1:53  SCV  
  21  2:00  Marine, Supply Depot  
  22  2:05  SCV  
  23  2:12  Factory  
  23  2:21  Barracks Reactor  
  23  2:22  SCV  
  24  2:24  Bunker  
  24  2:32  Refinery  
  24  2:34  SCV  
  25  2:46  SCV  
  26  2:57  Starport  
  26  2:58  Marine x2  
  28  2:59  SCV  
  28  3:04  Orbital Command  
  28  3:05  Factory Tech Lab  
  29  3:11  SCV  
  30  3:16  Marine x2  
  32  3:23  SCV  
  33  3:29  Barracks  
  33  3:30  SCV  
  34  3:35  SCV  
  34  3:36  Marine x2, Barracks  
  34  3:41  Raven  
  39  3:45  Factory Tech Lab  
  39  3:46  SCV  
  39  3:47  SCV  
  41  3:50  Supply Depot  
  41  4:00  SCV x2  
  41  4:05  Marine x2  
  43  4:12  SCV x2, Engineering Bay  
  45  4:18  Refinery  
  45  4:24  SCV x2  
  47  4:26  Marine x2  
  47  4:30  Stimpack  
  47  4:31  Marauder  
  51  4:33  Marauder, Starport Reactor  
  51  4:36  SCV  
  51  4:38  Supply Depot  
  54  4:41  Terran Infantry Weapons Level 1  
  54  4:44  Supply Depot  
  54  4:52  Combat Shield  
  54  4:57  Supply Depot  
  54  4:59  Marine x2, SCV  
  58  5:00  SCV, Marauder  
  58  5:02  Marauder  
  62  5:11  Supply Depot  
  62  5:12  SCV x2, Medivac  
  66  5:18  Supply Depot  
  66  5:19  Marine x2  
  68  5:23  Medivac  
  68  5:24  Marine, SCV x2  
  68  5:26  Marine  
  74  5:34  Supply Depot  
  74  5:37  SCV x2  
  74  5:46  Marine x2, Marauder x2  
  74  5:47  Medivac  
  80  5:57  Medivac  
  80  6:00  SCV  
  82  6:04  Command Center  
  82  6:05  SCV  
  82  6:10  Concussive Shells, Marauder x2  
  87  6:15  Marine x2  
  89  6:21  SCV x2  
  89  6:22  Widow Mine  
  90  6:31  Marauder  
  79  6:35  Marine x2, Marauder  
  76  6:40  SCV x2  
  76  6:41  Barracks, Medivac  
  76  6:44  Medivac, Barracks  
  77  6:49  Widow Mine  
  77  6:52  SCV x2  
  77  6:53  Refinery, Marauder  
  83  6:59  Terran Infantry Armor Level 1  
  83  7:02  Marine x2  
  83  7:03  Marauder  
  83  7:04  SCV x2  
  89  7:09  Supply Depot  
  89  7:14  Widow Mine  
  91  7:16  SCV x2, Orbital Command  
  91  7:21  Medivac  
  95  7:28  SCV x2  
  97  7:30  Medivac  
  97  7:33  Barracks Tech Lab  
  97  7:34  Marine x4  
  97  7:36  Barracks Reactor  
  103  7:44  SCV x3  
  106  7:46  Widow Mine  
  106  7:48  Supply Depot x2  
  108  7:53  Marauder  
  108  7:56  SCV x3  
  108  7:58  Marine x2  
  114  7:59  Marauder x2  
  119  8:08  Widow Mine  
  120  8:14  Marauder  
  120  8:16  Command Center  
  118  8:20  Marine x2, Marauder x2  
  118  8:24  SCV x2  
  118  8:25  SCV  
  118  8:26  Refinery  
  126  8:27  Refinery  
  126  8:30  Armory  
  126  8:31  Engineering Bay  
  126  8:33  Marine x2  
  126  8:34  Medivac  
  130  8:35  Medivac  
  130  8:40  SCV x3  
  133  8:48  Marine  
  133  8:49  Marine, Marauder x3  
  141  8:57  Factory Reactor  
  141  8:59  Marine, Ghost Academy  
  141  9:02  Starport  
  138  9:03  Marine  
  138  9:06  Marine  
  138  9:07  Missile Turret  
  138  9:08  Missile Turret  
  140  9:17  Marine  
  140  9:21  Terran Infantry Armor Level 2, Terran Infantry Weapons Level 2  
  141  9:28  Marine x3, Viking x2, Marauder x3  
  154  9:32  Supply Depot x2  
  154  9:37  Missile Turret  
  154  9:40  Planetary Fortress  
  154  9:44  SCV x3  
  131  10:03  SCV  
  131  10:04  SCV x2  
  129  10:08  Viking x2  
  129  10:12  Enhanced Shockwaves  
  133  10:15  Ghost  
  133  10:16  Marine x4  
  133  10:18  SCV x4  
  143  10:23  Ghost  
  143  10:26  Ghost  
  147  10:32  SCV x4  
  147  10:33  Missile Turret  
  151  10:46  Viking x3, Missile Turret  
  157  10:51  SCV  
  157  10:52  SCV x3  
  161  10:57  Ghost  
  161  10:58  Ghost  
  161  11:03  SCV  
  166  11:10  Marine x4  
  166  11:16  Viking x2  
  166  11:17  Viking  
  171  11:18  Viking  
  169  11:27  SCV x2  
  169  11:28  SCV x2  
  169  11:39  SCV, Missile Turret  
  171  11:40  SCV  
  171  11:43  Ghost  
  171  11:44  Supply Depot, Ghost  
  171  11:45  Supply Depot  
  148  12:00  Liberator  
  144  12:01  Orbital Command  
  144  12:02  SCV x4  
  144  12:08  Marine x4, Marauder  
  124  12:12  Marauder  
  124  12:14  SCV, Marauder  
  126  12:20  SCV x2  
  126  12:26  Marine x4, SCV  
  128  12:30  Marauder  
  128  12:34  Marauder  
  128  12:35  Marine  
  123  12:45  Liberator x2  
  123  12:46  SCV  
  123  12:47  SCV x3  
  123  12:51  Marauder  
  135  12:53  Marauder  
  135  12:54  Liberator  
  135  12:55  Widow Mine, Marauder  
  144  13:01  Marine x4  
  148  13:08  Missile Turret  
  148  13:12  Marauder  
  147  13:14  Marauder  
  148  13:20  Viking, Ghost  
  148  13:23  SCV x3  
  148  13:27  Refinery x2  
  155  13:28  Marine  
  155  13:29  Marine x2  
  155  13:33  Ghost  
  128  13:58  Marine  
  128  13:59  Marine x3, Marauder x2  
  128  14:02  Marauder  
Show
View Real Time Build Order
Export as new Build Order

MCanning Protoss - Winner!

Build Orders: 1 Gate Expand, Blink Stalkers 

Get SALT Encoding   

  12  0:00  Probe  
  13  0:12  Probe  
  14  0:17  Pylon  
  14  0:24  Probe  
  15  0:36  Gateway, Probe (Chrono Boost)  
  16  0:46  Assimilator, Probe (Chrono Boost)  
  17  0:51  Probe (Chrono Boost)  
  18  1:03  Probe  
  19  1:15  Probe  
  20  1:23  Nexus  
  20  1:33  Cybernetics Core  
  20  1:36  Probe  
  21  1:41  Assimilator  
  21  1:48  Probe  
  21  1:54  Pylon  
  22  2:00  Probe  
  23  2:08  Probe  
  23  2:09  Adept (Chrono Boost)  
  23  2:10  Warp Gate  
  26  2:17  Probe  
  27  2:26  Twilight Council, Probe  
  27  2:36  Probe  
  28  2:38  Stalker  
  28  2:42  Probe (Chrono Boost)  
  31  2:48  Probe (Chrono Boost)  
  32  2:58  Blink (Chrono Boost), Probe x2 (Chrono Boost)  
  34  3:03  Probe (Chrono Boost)  
  34  3:05  Probe  
  36  3:14  Probe  
  36  3:17  Probe  
  38  3:25  Gateway  
  38  3:26  Probe  
  39  3:29  Probe  
  39  3:30  Gateway  
  40  3:38  Probe  
  40  3:40  Robotics Facility  
  41  3:41  Probe  
  41  3:46  Pylon  
  42  3:50  Probe  
  42  3:53  Probe  
  44  4:02  Probe  
  44  4:05  Probe  
  43  4:12  Assimilator  
  43  4:13  Sentry  
  43  4:15  Probe  
  46  4:18  Nexus, Probe  
  46  4:19  Pylon  
  46  4:22  Stalker  
  49  4:27  Gateway, Probe  
  49  4:28  Observer  
  49  4:29  Charge (Chrono Boost)  
  49  4:30  Gateway  
  51  4:33  Probe  
  51  4:36  Stalker  
  54  4:48  Gateway  
  54  4:49  Observer  
  54  4:50  Gateway  
  55  4:53  Pylon  
  55  4:55  Probe  
  55  4:59  Probe  
  57  5:02  Stalker  
  57  5:05  Stalker  
  61  5:10  Pylon, Observer  
  61  5:12  Probe  
  63  5:17  Probe  
  63  5:18  Robotics Bay  
  64  5:24  Probe  
  65  5:29  Shield Battery, Probe, Immortal (Chrono Boost)  
  70  5:42  Probe  
  71  5:43  Zealot x2  
  71  5:44  Zealot  
  75  5:52  Zealot  
  75  5:53  Zealot x2  
  75  5:54  Probe  
  82  6:07  Pylon  
  82  6:09  Pylon, Disruptor (Chrono Boost)  
  82  6:16  Stalker  
  87  6:20  Zealot x3  
  85  6:26  Zealot x3  
  85  6:30  Probe  
  88  6:38  Probe  
  85  6:40  Observer  
  85  6:41  Extended Thermal Lance (Chrono Boost)  
  85  6:42  Forge x2  
  85  6:44  Colossus (Chrono Boost)  
  85  6:45  Probe x2  
  87  6:50  Pylon, Probe  
  94  6:57  Assimilator, Zealot, Probe x2  
  98  7:05  Probe  
  98  7:07  Sentry  
  101  7:09  Probe  
  101  7:12  Assimilator  
  101  7:13  Protoss Ground Armor Level 1  
  101  7:14  Probe  
  101  7:15  Gateway  
  103  7:16  Pylon  
  103  7:18  Zealot x3  
  103  7:20  Sentry  
  103  7:22  Protoss Ground Weapons Level 1, Observer  
  111  7:24  Observer  
  111  7:25  Probe x2  
  111  7:28  Probe  
  114  7:32  Pylon  
  114  7:41  Colossus (Chrono Boost)  
  114  7:42  Pylon  
  113  7:48  Nexus  
  119  7:52  Probe  
  119  7:56  Stalker x2  
  124  8:01  Probe  
  124  8:04  Zealot x3  
  130  8:07  Dark Shrine  
  130  8:08  Probe  
  129  8:16  Robotics Facility  
  129  8:18  Pylon  
  125  8:22  Assimilator, Colossus (Chrono Boost)  
  125  8:23  Probe  
  125  8:26  Zealot x2  
  134  8:32  Zealot x2  
  138  8:38  Probe  
  139  8:42  Stalker x2  
  135  8:48  Probe x2 (Chrono Boost)  
  135  8:50  Zealot  
  135  8:52  Shield Battery, Probe (Chrono Boost)  
  136  8:56  Photon Cannon  
  136  9:01  Disruptor, Probe (Chrono Boost)  
  136  9:02  Disruptor  
  143  9:09  Probe (Chrono Boost)  
  144  9:10  Zealot x2  
  144  9:12  Probe (Chrono Boost)  
  144  9:13  Probe (Chrono Boost)  
  144  9:16  Probe x2  
  152  9:23  Dark Templar, Probe  
  155  9:24  Dark Templar  
  155  9:27  Dark Templar  
  155  9:33  Dark Templar  
  155  9:36  Disruptor  
  157  9:40  Stalker  
  157  9:41  Stalker  
  157  9:43  Zealot  
  157  9:45  Protoss Ground Armor Level 2 (Chrono Boost)  
  163  9:46  Photon Cannon  
  163  9:50  Photon Cannon  
  157  9:53  Protoss Ground Weapons Level 2 (Chrono Boost)  
  137  10:07  Probe  
  137  10:11  Probe  
  137  10:14  Gateway  
  137  10:15  Gateway  
  137  10:16  Templar Archives  
  137  10:19  Dark Templar  
  137  10:20  Photon Cannon  
  139  10:24  Zealot x3  
  139  10:25  Disruptor (Chrono Boost)  
  139  10:26  Probe  
  139  10:27  Probe  
  147  10:30  Disruptor (Chrono Boost)  
  147  10:32  Probe  
  154  10:42  Dark Templar, Zealot x2  
  160  10:43  Zealot  
  160  10:46  Psionic Storm  
  162  10:51  Stalker  
  162  10:54  Pylon  
  164  11:01  Pylon  
  164  11:02  Observer  
  164  11:03  Pylon  
  164  11:05  Pylon  
  158  11:16  High Templar  
  158  11:17  High Templar  
  162  11:18  Assimilator  
  162  11:19  Zealot x6  
  162  11:24  Assimilator  
  162  11:25  Dark Templar  
  170  11:34  Nexus  
  170  11:38  Dark Templar, Photon Cannon  
  170  11:40  Disruptor  
  158  11:58  Zealot x9  
  160  12:09  Disruptor  
  147  12:16  Zealot  
  147  12:19  Probe  
  147  12:21  Shield Battery  
  150  12:23  Zealot x4  
  150  12:24  Zealot x3  
  162  12:30  Zealot x2  
  162  12:32  Disruptor  
  159  12:45  Disruptor  
  159  12:46  Dark Templar  
  159  12:49  Stalker x3  
  170  12:54  Probe  
  171  12:59  Stalker x3  
  171  13:02  Probe  
  178  13:06  High Templar  
  178  13:11  Dark Templar  
  182  13:14  Zealot x2  
  182  13:15  Zealot x2  
  182  13:19  High Templar  
  190  13:22  Probe  
  191  13:28  Disruptor  
  188  13:37  Disruptor, Gateway  
  188  13:40  Gateway  
  159  13:52  Stalker x4  
  159  13:53  Stalker x2  
  166  13:57  Zealot x4  
  172  14:06  Probe  
  151  14:18  Zealot  
  151  14:19  Zealot x9  

Tags
 
Add a new tag
Caveats
  • Supply blocks, unpowered buildings, or Contaminate may cause inaccurate times.
  • Supply counts are checked every 10 seconds.